[ AOE2 MATCH · #490109833 ]
UnrankedGurjaras vs Vietnamese
Player's team · LOSS
Rival team · WIN
[ REPLAY ANALYSIS · EXTRACTED FROM THE RECORDED GAME ]
Feudal
9:16
Castle
20:05
Imperial
—
| APM avg | 37.2 |
| APM peak | 83 |
| eAPM avg | 23.0 |
| Villagers / military | 58 / 8 |
Focus
⚔️ 30.5% · 🌾 69.5%
Armored Elephant ×8
Feudal
9:50
Castle
17:30
Imperial
—
| APM avg | 31.0 |
| APM peak | 113 |
| eAPM avg | 9.5 |
| Villagers / military | 32 / 1 |
Focus
⚔️ 13.6% · 🌾 86.4%
Spearman ×1
Match map
Initial resources + every placement click. Lines = walls · curves = elevation contours. ◆ gold · ⬟ stone · ● berries · ✦ relic · ◌ wall gap
Your base· ✓ Closed at 20:05 · 7t walls · 4 gate(s)
HazEy1's base· ✓ Closed at 17:30 · 24t walls · 3 gate(s)
Smoothed initial terrain · ◌ = detected wall gap · hover for details
Inputs per minute
— PSX | King - - HazEy1
Build order — PSX | King
148 actions detected in the replay
| 0:00 | Create | Villager (Male) |
| 0:01 | Create | Villager (Male) |
| 0:02 | Build | House |
| 0:04 | Build | House |
| 0:07 | Create | Villager (Male) |
| 0:08 | Create | Villager (Male) |
| 0:08 | Create | Villager (Male) |
| 0:41 | Build | Mill |
| 1:35 | Create | Villager (Male) |
| 1:35 | Create | Villager (Male) |
| 1:56 | Create | Villager (Male) |
| 1:57 | Create | Villager (Male) |
| 2:16 | Create | Villager (Male) |
| 2:49 | Create | Villager (Male) |
| 2:49 | Create | Villager (Male) |
| 2:50 | Create | Villager (Male) |
| 3:16 | Build | Lumber Camp |
| 3:17 | Create | Villager (Male) |
| 3:17 | Create | Villager (Male) |
| 3:50 | Create | Villager (Male) |
| 4:07 | Create | Villager (Male) |
| 4:19 | Build | House |
| 4:22 | Research | Loom |
| 4:48 | Create | Villager (Male) |
| 4:49 | Create | Villager (Male) |
| 5:37 | Create | Villager (Male) |
| 5:37 | Create | Villager (Male) |
| 5:37 | Create | Villager (Male) |
| 7:00 | Research | Feudal Age |
| 7:57 | Build | Mining Camp |
| 7:59 | Build | House |
| 8:20 | Create | Villager (Male) |
| 8:27 | Build | House |
| 9:16 | Age | Feudal Age |
| 9:17 | Build | Blacksmith |
| 9:18 | Build | House |
| 9:19 | Build | House |
| 9:20 | Research | Double-Bit Axe |
| 9:33 | Create | Villager (Male) |
| 9:46 | Build | Watch Tower |
| 9:48 | Create | Villager (Male) |
| 9:58 | Create | Villager (Male) |
| 10:05 | Research | Fletching |
| 10:28 | Create | Villager (Male) |
| 11:02 | Create | Villager (Male) |
| 11:24 | Build | Mining Camp |
| 11:26 | Create | Villager (Male) |
| 11:51 | Build | Watch Tower |
| 12:04 | Create | Villager (Male) |
| 12:22 | Build | Watch Tower |
| 12:26 | Create | Villager (Male) |
| 12:51 | Create | Villager (Male) |
| 13:04 | Create | Villager (Male) |
| 13:13 | Build | Palisade Gate |
| 13:24 | Create | Villager (Male) |
| 13:27 | Build | Watch Tower |
| 13:28 | Create | Villager (Male) |
| 13:30 | Build | Farm |
| 13:31 | Build | Farm |
| 13:41 | Create | Villager (Male) |
| 13:54 | Build | Market |
| 14:03 | Build | House |
| 14:06 | Build | House |
| 14:54 | Create | Villager (Male) |
| 15:08 | Create | Villager (Male) |
| 15:11 | Build | House |
| 15:38 | Create | Villager (Male) |
| 15:45 | Build | Watch Tower |
| 16:06 | Create | Villager (Male) |
| 16:17 | Build | Watch Tower |
| 16:34 | Build | Watch Tower |
| 16:55 | Build | Farm |
| 16:57 | Build | Farm |
| 16:58 | Build | Farm |
| 16:59 | Build | Farm |
| 17:13 | Build | Watch Tower |
| 17:25 | Research | Castle Age |
| 17:25 | Research | Castle Age |
| 17:44 | Build | Palisade Wall |
| 17:46 | Build | Palisade Wall |
| 17:49 | Build | Palisade Wall |
| 17:50 | Build | Palisade Wall |
| 17:51 | Build | Palisade Wall |
| 17:52 | Build | Palisade Wall |
| 17:52 | Build | Palisade Wall |
| 18:22 | Build | House |
| 18:23 | Build | House |
| 18:35 | Build | Watch Tower |
| 18:40 | Research | Horse Collar |
| 18:40 | Research | Horse Collar |
| 19:10 | Build | Watch Tower |
| 19:30 | Research | Gold Mining |
| 20:05 | Age | Castle Age |
| 20:22 | Create | Villager (Male) |
| 20:26 | Build | Monastery |
| 20:32 | Create | Villager (Male) |
| 20:44 | Build | University |
| 20:56 | Research | Bodkin Arrow |
| 21:00 | Build | Watch Tower |
| 21:04 | Create | Villager (Male) |
| 21:43 | Create | Villager (Male) |
| 21:44 | Research | Murder Holes |
| 21:50 | Build | Watch Tower |
| 22:01 | Build | Farm |
| 22:02 | Build | Farm |
| 22:04 | Build | Farm |
| 22:10 | Create | Villager (Male) |
| 22:11 | Create | Villager (Male) |
| 22:55 | Build | Mining Camp |
| 22:56 | Research | Ballistics |
| 23:12 | Create | Villager (Male) |
| 23:13 | Create | Villager (Male) |
| 23:24 | Build | Siege Workshop |
| 23:30 | Create | Villager (Male) |
| 23:30 | Create | Villager (Male) |
| 23:48 | Build | Farm |
| 23:50 | Build | Farm |
| 23:51 | Create | Villager (Male) |
| 24:22 | Create | Armored Elephant |
| 24:23 | Create | Armored Elephant |
| 24:34 | Build | Farm |
| 24:35 | Build | Farm |
| 24:35 | Create | Villager (Male) |
| 24:57 | Create | Armored Elephant |
| 24:57 | Create | Armored Elephant |
| 24:57 | Create | Armored Elephant |
| 24:59 | Create | Villager (Male) |
| 25:05 | Build | Farm |
| 25:09 | Build | Farm |
| 25:11 | Build | Farm |
| 25:13 | Build | Farm |
| 25:18 | Create | Villager (Male) |
| 25:35 | Create | Villager (Male) |
| 25:40 | Build | Lumber Camp |
| 25:47 | Create | Armored Elephant |
| 25:47 | Create | Armored Elephant |
| 25:47 | Create | Armored Elephant |
| 26:10 | Research | Forging |
| 26:31 | Create | Villager (Male) |
| 26:36 | Build | House |
| 26:38 | Build | House |
| 26:39 | Build | House |
| 26:40 | Build | House |
| 26:40 | Build | House |
| 26:46 | Create | Villager (Male) |
| 27:00 | Research | Iron Casting |
| 27:00 | Research | Iron Casting |
| 27:10 | Create | Villager (Male) |
Build order — HazEy1
59 actions detected in the replay
| 0:01 | Create | Villager (Male) |
| 0:02 | Build | House |
| 0:04 | Build | House |
| 0:04 | Create | Villager (Male) |
| 0:15 | Create | Villager (Male) |
| 0:15 | Create | Villager (Male) |
| 1:27 | Create | Villager (Male) |
| 1:27 | Create | Villager (Male) |
| 2:06 | Build | Lumber Camp |
| 2:07 | Create | Villager (Male) |
| 2:28 | Create | Villager (Male) |
| 3:01 | Create | Villager (Male) |
| 3:11 | Create | Villager (Male) |
| 3:42 | Create | Villager (Male) |
| 3:54 | Build | House |
| 4:05 | Create | Villager (Male) |
| 4:05 | Create | Villager (Male) |
| 4:31 | Build | Mill |
| 4:36 | Create | Villager (Male) |
| 4:39 | Create | Villager (Male) |
| 4:39 | Create | Villager (Male) |
| 5:21 | Create | Villager (Male) |
| 5:22 | Create | Villager (Male) |
| 5:38 | Build | House |
| 5:56 | Create | Villager (Male) |
| 6:23 | Create | Villager (Male) |
| 7:08 | Build | Lumber Camp |
| 7:40 | Research | Feudal Age |
| 8:47 | Build | Mining Camp |
| 9:22 | Build | House |
| 9:49 | Research | Loom |
| 9:50 | Age | Feudal Age |
| 9:50 | Create | Villager (Male) |
| 10:09 | Build | Mining Camp |
| 10:13 | Build | Palisade Wall |
| 10:17 | Build | Palisade Wall |
| 10:19 | Create | Villager (Male) |
| 10:23 | Create | Villager (Male) |
| 10:35 | Build | Palisade Wall |
| 10:41 | Build | Palisade Wall |
| 10:42 | Build | Palisade Wall |
| 10:51 | Build | Barracks |
| 10:53 | Create | Villager (Male) |
| 10:53 | Create | Villager (Male) |
| 11:25 | Create | Villager (Male) |
| 11:34 | Create | Villager (Male) |
| 11:49 | Build | House |
| 11:54 | Create | Spearman |
| 12:03 | Create | Villager (Male) |
| 12:29 | Create | Villager (Male) |
| 12:34 | Create | Villager (Male) |
| 12:46 | Build | House |
| 12:59 | Build | Market |
| 13:07 | Create | Villager (Male) |
| 13:36 | Build | Palisade Wall |
| 14:10 | Build | Blacksmith |
| 14:22 | Create | Villager (Male) |
| 14:47 | Research | Castle Age |
| 17:30 | Age | Castle Age |
Match timeline
| 9:16 | PSX | King · age_up feudal |
| 9:50 | HazEy1 · age_up feudal |
| 10:13 | HazEy1 · wall_segment Palisade Wall x5 |
| 10:17 | HazEy1 · wall_segment Palisade Wall x4 |
| 10:35 | HazEy1 · wall_segment Palisade Wall x10 |
| 10:41 | HazEy1 · wall_segment Palisade Wall x1 |
| 10:42 | HazEy1 · wall_segment Palisade Wall x1 |
| 10:51 | HazEy1 · first_building Barracks |
| 13:36 | HazEy1 · wall_segment Palisade Wall x3 |
| 13:57 | HazEy1 · first_market_sell 500 stone |
| 14:00 | HazEy1 · first_market_buy 100 food |
| 17:30 | HazEy1 · age_up castle |
| 17:44 | PSX | King · wall_segment Palisade Wall x1 |
| 17:46 | PSX | King · wall_segment Palisade Wall x1 |
| 17:49 | PSX | King · wall_segment Palisade Wall x1 |
| 17:50 | PSX | King · wall_segment Palisade Wall x1 |
| 17:51 | PSX | King · wall_segment Palisade Wall x1 |
| 17:52 | PSX | King · wall_segment Palisade Wall x1 |
| 17:52 | PSX | King · wall_segment Palisade Wall x1 |
| 18:33 | PSX | King · first_market_buy 100 stone |
| 20:05 | PSX | King · age_up castle |
| 20:26 | PSX | King · first_building Monastery |
| 22:47 | PSX | King · first_market_sell 100 stone |
| 23:24 | PSX | King · first_building Siege Workshop |
[ AI ANALYSIS · 1 CREDIT ]
What really happened in this match?
Wolo.gg analyzes every decision: build order, eco, micro, common mistakes by bracket. Personalized analysis on WhatsApp or Discord in 30 seconds.
Civ guide
Gurjaras
Perfil
Jugador #9733677